 Dungeon Crawl Stone Soup version bcrawl-1.12-8-g964540c432 (webtiles) character file.

Game seed: 15598588919326464325

21 MisterOstroum the Sneak (level 3, 29/29 HPs)
             Began as a Formicid Archaeologist on June 8, 2019.
             Quit the game on level 1 of the Dungeon.
             The game lasted 00:02:23 (928 turns).

MisterOstroum the Sneak (Formicid Archaeologist)     Turns: 928, Time: 00:02:24

Health: 29/29      AC:  7    Str: 16    XL:     3   Next: 2%
Magic:  3/3        EV: 12    Int: 13    God:
Gold:   22         SH:  0    Dex:  9    Spells: 2/2 levels left

rFire    . . .     SeeInvis +   k - +0 hand axe
rCold    . . .     Gourm    .   (no shield)
rNeg     . . .     Faith    .   a - +1 robe
rPois    .         Spirit   .   (helmet unavailable)
rElec    .         Reflect  .   (no cloak)
rCorr    .         Harm     .   c - +1 pair of gloves
MR       .....                  b - +1 pair of boots
Stlth    ++........             (no amulet)
HPRegen  0.09/turn              (no ring)
MPRegen  0.08/turn              (no ring)

@: studying Stealth
A: permanent stasis, dig shafts and tunnels, four strong arms, antennae 3
a: Dig, Shaft Self


You were on level 1 of the Dungeon.
You were not hungry.

You visited 1 branch of the dungeon, and saw 1 of its levels.

You collected 22 gold pieces.

Inventory:

Hand Weapons
 k - a +0 hand axe (weapon)
Missiles
 g - 105 stones (quivered)
Armour
 a - a +1 robe (worn)
 b - a +1 pair of boots (worn)
 c - a +1 pair of gloves (worn)
Scrolls
 h - a scroll of teleportation {unknown}
Potions
 j - a potion of cancellation {unknown}
Books
 d - a manual of Stealth
Miscellaneous
 f - an ancient crate
Comestibles
 e - a ration {!d}
 i - 2 chunks of flesh


   Skills:
 + Level 3.0 Fighting
 - Level 2.6 Dodging
 - Level 4.0 Stealth


You had 2 spell levels left.
You didn't know any spells.
Your spell library was empty.

Dungeon Overview and Level Annotations

Branches:
Dungeon (1/12)

Altars:


Innate Abilities, Weirdness & Mutations

You cannot be hasted, slowed, berserked, paralysed or teleported.
You can dig through walls and to a lower floor.
Your four strong arms can wield two-handed weapons with a shield.
You have a pair of large antennae on your head. (SInv)


Message History

A leopard gecko comes into view.
The leopard gecko hisses angrily.
The leopard gecko bites you but does no damage.
You barely miss the leopard gecko. The leopard gecko barely misses you.
You are a level 2 Formicid Archaeologist.
You are 60% of the way to level 3.
Play time: 00:01:32 (799 turns) Unknown command.
Unknown command.
A leopard gecko is nearby!
You closely miss the leopard gecko. The leopard gecko barely misses you.
The leopard gecko bites you but does no damage.
You miss the leopard gecko. The leopard gecko closely misses you.
The leopard gecko barely misses you.
You barely miss the leopard gecko.
The leopard gecko bites you but does no damage.
You barely miss the leopard gecko. The leopard gecko bites you.
The leopard gecko barely misses you.
You miss the leopard gecko. The leopard gecko misses you.
You hit the leopard gecko.
The leopard gecko is heavily wounded.
The leopard gecko barely misses you. The leopard gecko misses you.
You hit the leopard gecko but do no damage.
The leopard gecko is heavily wounded.
The leopard gecko bites you but does no damage.
You completely miss the leopard gecko.
The leopard gecko is heavily wounded.
The leopard gecko bites you.
The leopard gecko bites you but does no damage.
You completely miss the leopard gecko.
The leopard gecko is heavily wounded.
The leopard gecko bites you but does no damage.
You completely miss the leopard gecko.
The leopard gecko is heavily wounded.
The leopard gecko bites you but does no damage. x2
You closely miss the leopard gecko.
The leopard gecko is heavily wounded.
The leopard gecko closely misses you. The leopard gecko barely misses you.
You hit the leopard gecko but do no damage.
The leopard gecko is heavily wounded.
The leopard gecko bites you but does no damage.
You miss the leopard gecko.
The leopard gecko is heavily wounded.
The leopard gecko bites you but does no damage.
The leopard gecko closely misses you.
You barely miss the leopard gecko.
The leopard gecko is heavily wounded.
The leopard gecko bites you.
You hit the leopard gecko.
You kill the leopard gecko!
No target in view!
No target in view!
No target in view!
No target in view!
You butcher the leopard gecko corpse.
i - 4 chunks of flesh (gained 2)
You see here a leopard gecko skeleton. x2
Found a stone staircase leading down.
Some of the chunks of flesh in your inventory have rotted away.
There is a stone staircase leading down here.
There is a stone staircase leading down here.
A giant cockroach and a hobgoblin come into view.
Found a ring mail.
There are monsters nearby!
There are monsters nearby!
The hobgoblin shouts!
You hear a shout!
A bat comes into view.
The bat moves out of view.
You barely miss the giant cockroach.
The giant cockroach bites you but does no damage.
The giant cockroach closely misses you.
You closely miss the giant cockroach.
The giant cockroach bites you but does no damage.
You hit the giant cockroach.
You kill the giant cockroach!
A bat comes into view.
The hobgoblin misses you.
The bat moves out of view.
You hit the hobgoblin.
You kill the hobgoblin!
The bat hits you but does no damage. The bat barely misses you.
Things that are here:
a cursed -1 club; a giant cockroach corpse You barely miss the bat.
The bat hits you but does no damage. x2
The bat hits you but does no damage. The bat barely misses you. x2
You hit the bat.
You kill the bat!
Your Fighting skill increases to level 3!
You have reached level 3!
Your experience leads to an increase in your attributes!
Increase (S)trength, (I)ntelligence, or (D)exterity?
You feel stronger.
You have an epiphany!
The dusty tome is a manual of Stealth!
Reading it may be key to unlocking the crate...
A bat comes into view.
The bat hits you but does no damage.
Unknown command.
Saving game... please wait.
Welcome back, MisterOstroum the Formicid Archaeologist.
Press ? for a list of commands and other information.
Are you sure you want to abandon this character and quit the game? (Confirm with "yes".)

#.# #.####### #.#
#..>....# #.# #######.#
#.# #.# ####.#########.#
.............÷.#####
##.########........######
...# #.#.b..)....[.. ####
##.#...@†.......
##...............
#########................
......##.................
#####.##.................
##.##.................
#..........#.......b..
#..####..............
####..#########..##


You could see 2 bats.

Vanquished Creatures
  A dart slug (D:1)
  3 leopard geckos (D:1)
  A bat (D:1)
  2 giant cockroaches (D:1)
  A goblin (D:1)
  A hobgoblin (D:1)
  A quokka (D:1)
  2 frilled lizards (D:1)
  3 rats (D:1)
15 creatures vanquished.

Notes
Turn   | Place    | Note
-------+----------+-------------------------------------------
     0 | D:1      | MisterOstroum the Formicid Archaeologist began the quest
                  | for the Orb.
     0 | D:1      | Reached XP level 1. HP: 15/15 MP: 1/1
   530 | D:1      | Reached XP level 2. HP: 22/22 MP: 2/2
   927 | D:1      | Reached XP level 3. HP: 29/29 MP: 3/3
   928 | D:1      | Quit the game

Skill      XL: |  1  2 |
---------------+-------+-----
Fighting       | 2 3 |  3.0
Dodging        | |  2.6
Stealth        | |  4.0

Action                   || total
-------------------------++-------
Melee: Unarmed           ||   103
       Hand axe          ||    27
Throw: Stone             ||    13
Armor: Robe              ||    54
Dodge: Dodged            ||    85
